 Dungeon Crawl Stone Soup version 0.30-a0-851-gbd0d260 (webtiles) character file.

Game seed: 10996763113873307134

115 Illumine the Ruffian (level 4, -1/36 HPs)
             Began as a Demigod Transmuter on Mar 3, 2023.
             Slain by an orc priest
             ... wielding a +0 flail
              (5 damage)
             ... on level 3 of the Dungeon.
             The game lasted 00:04:59 (2466 turns).

Illumine the Ruffian (Demigod Transmuter)           Turns: 2466, Time: 00:05:00

Health: -1/36      AC:  2    Str: 15    XL:     4   Next: 41%
Magic:  9/9        EV: 12    Int: 15    God:
Gold:   164        SH:  0    Dex: 14    Spells: 1/7 levels left

rFire   . . .      SeeInvis .      - Unarmed
rCold   . . .      Faith    .    (no shield)
rNeg    . . .      Spirit   .    a - +0 robe
rPois   .          Reflect  .    (helmet currently unavailable)
rElec   .          Rampage  .    (no cloak)
rCorr   .                        (no gloves)
Will    .....                    (boots currently unavailable)
Stlth   +                        (no amulet)
HPRegen 0.26/turn                (no ring)
MPRegen 0.11/turn                (no ring)

@: appendages
A: horns 2, talons 2, high MP 1, forlorn, divine attributes
a: End Transformation


You were on level 3 of the Dungeon.
You had temporarily grown beastly horns and talons.
You visited 1 branch of the dungeon, and saw 3 of its levels.

You collected 164 gold pieces.

Inventory:

Missiles
 i - 12 poisoned darts
 l - 26 stones
Armour
 a - a +0 robe (worn)
Magical Staves
 w - a staff of fire
Wands
 n - a wand of mindburst (6)
Scrolls
 e - 5 scrolls of identify {unknown}
 f - a scroll of poison {unknown}
 g - 2 scrolls of fog {unknown}
 k - a scroll of blinking {unknown}
 o - 3 scrolls of fear {unknown}
 p - a scroll of teleportation {unknown}
 q - 2 scrolls of vulnerability {unknown}
 u - a scroll of enchant weapon {unknown}
 v - a scroll of magic mapping {unknown}
Potions
 b - 2 potions of lignification
 c - 2 potions of degeneration {unknown}
 d - a potion of magic {unknown}
 h - a potion of heal wounds {unknown}
 j - a potion of flight {unknown}
 m - a potion of attraction {unknown}
 r - a potion of haste {unknown}
 s - 3 potions of brilliance {unknown}
 t - a potion of curing {unknown}
 x - a potion of invisibility {unknown}


   Skills:
 + Level 2.0 Fighting
 - Level 2.0 Dodging
 + Level 3.3 Unarmed Combat
 - Level 2.0 Spellcasting
 * Level 3.1 Transmutations
 + Level 0.1 Poison Magic


You had one spell level left.
You knew the following spells:

 Your Spells              Type           Power      Damage    Failure   Level
a - Beastly Appendage     Tmut           22%        N/A       6%          1
b - Wereblood             Tmut           11%        N/A       9%          2
c - Spider Form           Tmut/Pois      6%         N/A       32%         3

Your spell library contained the following spells:

 Spells                   Type           Power      Damage    Failure   Level
 Necrotise                Necr           4%         1d4       22%         1
 Tukima's Dance           Hex            1%         N/A       54%         3
 Vampiric Draining        Necr           1%         2d6       54%         3
 Ice Form                 Ice/Tmut       6%         N/A       75%         4
 Passage of Golubria      Tloc           1%         N/A       91%         4
 Yara's Violent Unravell  Hex/Tmut       3%         3d4       97%         5
 Agony                    Necr           1%         N/A       99%         5


Dungeon Overview and Level Annotations

Branches:
Dungeon (3/15)


Innate Abilities, Weirdness & Mutations

You have temporarily grown beastly horns and talons.
You have an increased reservoir of magic. (+10% MP)
You shall have no god before yourself.
Your divine heritage dramatically boosts your attributes as you level up.


Message History

The orc priest looks braver for a moment.
Casting: Beastly Appendage (safe; 6% risk of failure)
Confirm with . or Enter, or press ? or * to list all spells.
You grow a pair of large bovine horns.
Your feet morph into talons.
The orc priest barely misses you.
You completely miss the orc priest. You punch the orc priest.
The orc priest is moderately wounded.
You hit the orc priest. Your headbutt misses the orc priest.
The orc priest is severely wounded.
The orc priest hits you with a +0 flail.
You hit the orc priest but do no damage.
You claw the orc priest, but do no damage.
The orc priest is severely wounded.
The orc priest hits you with a +0 flail!
You hit the orc priest but do no damage.
You punch the orc priest.
The orc priest is severely wounded.
The orc priest invokes the aid of Beogh against you.
Beogh smites you!
You hit the orc priest but do no damage.
Your kick misses the orc priest.
The orc priest is severely wounded.
The orc priest hits you with a +0 flail.
You barely miss the orc priest. You punch the orc priest.
The orc priest is almost dead.
The orc priest completely misses you.
You hit the orc priest. Your kick misses the orc priest.
The orc priest is almost dead.
The orc priest hits you with a +0 flail.
You barely miss the orc priest.
You headbutt the orc priest, but do no damage.
The orc priest is almost dead.
The orc priest invokes the aid of Beogh against you.
Beogh smites you!
* * * LOW HITPOINT WARNING * * *
You hit the orc priest but do no damage.
You claw the orc priest, but do no damage.
The orc priest is almost dead.
The orc priest hits you with a +0 flail.
You die...

............###.................#
#########...# .<..##...##.#####.#
...#...##...# ....##.####.# #.#
##.....##...# #..##.# #.# #.#
##....##...####..##.# #.# #.#
#....##.........#..# #.### #.#
#....##..####.....## #.#.###.#
##...##.....#.o)### #.#.....#
##...##.......@.#######.#.#####
#.......###.##..........#<# #
#.......# #.............#.# #
#.......######.########.#.# #
#............#......# #.#.# #
#....>..####.>.####.# #.#.# #
######........## #.# #.#.# #
.............# #.# #.#.#####
.............# #.# #.#.#....


You could see an orc priest.

Vanquished Creatures
  An orc priest (D:3)
  A worm (D:2)
  4 dart slugs
  10 orcs
  2 endoplasms
  6 goblins
  4 hobgoblins
  8 jackals
  4 quokkas
  3 ball pythons
  3 bats
  5 frilled lizards
  4 kobolds
  7 rats
62 creatures vanquished.

Notes
Turn   | Place    | Note
-------+----------+-------------------------------------------
     0 | D:1      | Illumine the Demigod Transmuter began the quest for the
                  | Orb.
     0 | D:1      | Reached XP level 1. HP: 15/15 MP: 5/5
    63 | D:1      | Reached skill level 1 in Fighting
   333 | D:1      | Reached XP level 2. HP: 11/23 MP: 5/7
   634 | D:1      | Learned a level 2 spell: Wereblood
  1047 | D:2      | Reached XP level 3. HP: 23/28 MP: 5/8
  1708 | D:2      | You fall into a shaft and drop 1 floor!
  1967 | D:3      | Reached XP level 4. HP: 28/36 MP: 5/9
  2025 | D:3      | Learned a level 3 spell: Spider Form
  2466 | D:3      | Slain by an orc priest

Illustrated notes

Levels and vault maps discovered:
D:1:      eino_arrival_druids_welcome, layout_basic,
          ebering_ecumenical_altar_rust
D:2:      layout_loops_corners, minmay_misc_feat_room
D:3:      layout_basic, kennysheep_pointless_box

Skill      XL: |  1  2  3 |
---------------+----------+-----
Fighting       | 1 2 |  2.0
Dodging        | 2 |  2.0
Transmutations | 2 3 |  3.1
Spellcasting   | 2 |  2.0
Unarmed Combat | 3 |  3.3
Poison Magic   | |  0.1

Action                     |  1- 3 |  4- 6 || total
---------------------------+-------+-------++-------
  Melee: Unarmed           |   145 |    33 ||   178
         Kick              |    38 |    11 ||    49
         Headbutt          |    18 |     3 ||    21
         Punch             |     3 |     3 ||     6
   Cast: Beastly Appendage |    30 |     6 ||    36
         Wereblood         |     4 |       ||     4
 Armour: Robe              |    25 |     3 ||    28
  Dodge: Dodged            |    79 |    12 ||    91

Table legend: (Time is in decaauts)
 A = Elapsed time spent in this place.
 B = Non-inter-level travel time spent in this place.
 C = Inter-level travel time spent in this place.
 D = Time resting spent in this place.
 E = Time spent auto-exploring this place.
 F = Levels seen in this place.
 G = Mean time per level.
                   A        B        C        D        E       F      G
               +--------+--------+--------+--------+--------+-----+--------+
         Total |   2455 |   2438 |     17 |    112 |   1838 |   3 |  818.3 |
       Dungeon |   2455 |   2438 |     17 |    112 |   1838 |   3 |  818.3 |
               +--------+--------+--------+--------+--------+-----+--------+

Top non-repeatable levels by time:
     D:1: 900 daAuts
     D:2: 800 daAuts
     D:3: 754 daAuts
